 Dungeon Crawl Stone Soup version 0.19.4-12-gccf7e64 (webtiles) character file.

56988 galech the Bludgeoner (level 14, -2/158 (159) HPs)
             Began as an Ogre Fighter on Feb 27, 2017.
             Was the Champion of Makhleb.
             Slain by a death yak (7 damage)
             ... on level 5 of the Lair of Beasts.
             The game lasted 01:00:07 (17971 turns).

galech the Bludgeoner (Ogre Fighter)               Turns: 17971, Time: 01:00:07

HP:   -2/158 (159)  AC: 19    Str: 35    XL:     14   Next: 84%
MP:   0/17          EV: 13    Int:  7    God:    Makhleb [******]
Gold: 769           SH:  0    Dex:  9    Spells: 0 memorised, 13 levels left

rFire  + . .     SeeInvis .     C - +3 giant club "Skullcrusher" {speed, Str+7}
rCold  . . .     Gourm    .     D - +4 moon troll leather armour {Spirit, Regen++ MP+5}
rNeg   . . .     Faith    .     (shield currently unavailable)
rPois  .         Spirit   +     (helmet restricted)
rElec  .         Reflect  .     m - +2 cloak
rCorr  .         Harm     +     (gloves unavailable)
MR     +....                    (boots unavailable)
Stlth  ++........               h - amulet of harm
                                O - +4 ring of protection
                                (no ring)

@: studying Spellcasting
A: unfitting armour, icy blue scales 1, blink, blurry vision 1, fire resistance
1, low mp 1, tough skin 1, MP-powered wands
a: Blink, Minor Destruction, Lesser Servant of Makhleb, Major Destruction,
Greater Servant of Makhleb, Renounce Religion


You were on level 5 of the Lair of Beasts.
You worshipped Makhleb.
Makhleb was exalted by your worship.
You were not hungry.

You visited 3 branches of the dungeon, and saw 19 of its levels.
You visited the Abyss 1 time.
You also visited: Labyrinth.

You collected 944 gold pieces.
You spent 175 gold pieces at shops.

Inventory:

Hand Weapons
 u - a +3 giant spiked club of electrocution
 C - the +3 giant club "Skullcrusher" (weapon) {speed, Str+7}
   (You found it in a labyrinth)

   Attacks with this weapon are significantly faster.
   It affects your strength (+7).
Armour
 c - a +0 shield
 m - a +2 cloak (worn)
 w - a +2 robe of fire resistance
 D - the +4 moon troll leather armour (worn) {Spirit, Regen++ MP+5}
   (You found it on level 6 of the Dungeon)

   It affects your magic capacity (+5).
   It increases your rate of regeneration.
 R - a +2 robe of magic resistance
Jewellery
 a - an uncursed ring of see invisible {unknown}
 h - an amulet of harm (around neck)
 q - an uncursed ring of fire
 x - an uncursed ring of flight
 z - a +5 amulet of reflection {unknown}
 G - an uncursed amulet of faith {unknown}
 I - an uncursed amulet of rage {unknown}
 L - a cursed amulet of inaccuracy {unknown}
 O - a +4 ring of protection (right hand)
 P - a +3 ring of protection
 Q - an uncursed amulet of faith {unknown}
 U - an uncursed ring of stealth {unknown}
 V - an uncursed ring of ice
 W - an uncursed amulet of regeneration {unknown}
 Y - an uncursed ring of ice
 Z - the ring of Nezusot {rN+ SInv}
   (You bought it in a shop on level 4 of the Dungeon)

   [ring of see invisible]

   It protects you from negative energy.
   It lets you see invisible.
Wands
 y - a wand of teleportation (4/9)
Scrolls
 e - 8 scrolls of remove curse
 g - 5 scrolls of fog
 l - 2 scrolls of magic mapping
 o - 2 scrolls of blinking
 p - 4 scrolls of teleportation
 F - 3 scrolls of enchant armour
Potions
 d - a potion of haste
 j - 11 potions of curing {unknown}
 k - 4 potions of agility {unknown}
 n - a potion of lignification {unknown}
 r - 3 potions of berserk rage {unknown}
 s - 3 potions of heal wounds {unknown}
 t - 3 potions of ambrosia
 v - a potion of brilliance
 E - a potion of cancellation {unknown}
 J - a potion of flight
 M - 2 potions of mutation {unknown}
 T - a potion of resistance {unknown}
 X - a potion of might
Books
 b - a manual of Spellcasting
 B - a book of Beasts

   Spells                             Type                      Level
   a - Summon Butterflies             Summoning                    1
   b - Call Canine Familiar           Summoning                    3
   c - Summon Ice Beast               Ice/Summoning                4
   d - Summon Mana Viper              Hexes/Summoning              5
   e - Summon Hydra                   Summoning                    7
Comestibles
 f - 9 bread rations
 i - 2 fruits
 A - 9 beef jerkies
 H - 7 slices of pizza
 K - 2 royal jellies
 N - 19 chunks of flesh


   Skills:
 + Level 15.2 Fighting
 + Level 20.2 Maces & Flails
 + Level 6.4 Armour
 + Level 9.3 Dodging
 + Level 3.7 Stealth
 + Level 7.7 Shields


You had 13 spell levels left.
You didn't know any spells.

Dungeon Overview and Level Annotations

Branches:
Dungeon (12/15)            Temple (1/1) D:5            Lair (6/6) D:10
 Shoals (0/4) Lair:3        Snake (0/4) Lair:4        Slime (0/5) Lair:5
    Orc (0/2) D:11

Altars:
Ashenzari
Cheibriados
Dithmenos
Elyvilon
Fedhas
Gozag
Makhleb
Okawaru
Qazlal
Ru
Sif Muna
Trog
Uskayaw
Vehumet
Xom
Yredelemnul
The Shining One
Beogh
Jiyva

Shops:
D:4 *   D:5 [   D:10 }

Annotations:
D:9 exclusion: ice statue
D:11 Sonja


Innate Abilities, Weirdness & Mutations

You are too large for most types of armour.
You have tough skin. (AC +1)
You are partially covered in icy blue scales. (AC +2)
You can translocate small distances at will.
Scrolls take you a little longer to read.
Your flesh is heat resistant. (rF+)
Your magical capacity is low. (-10% MP)
You expend magic power (3 MP) to strengthen your wands.


Message History

* * * LOW HITPOINT WARNING * * *
The death yak gores you but does no damage.
The death yak completely misses you.
The blink frog hits you but does no damage.
The death yak completely misses you.
You turn to flesh and can move again.
The death yak gores you!
* * * LOW HITPOINT WARNING * * *
There is a stone staircase leading up here.
The blink frog hits something!
The death yak gores you but does no damage.
The death yak gores you!
* * * LOW HITPOINT WARNING * * *
You climb upwards.
There is a stone staircase leading down here.
Unknown command.
You are too injured to fight recklessly!
You completely miss the death yak. The death yak closely misses you.
You barely miss the death yak. The death yak gores you.
You die...

# ###......####..##....####
#..#.
###........##P..........#
##...
.##...)....#.......#....####
###.
..................####.....#
##
..................###......##
#
...................####.....##
..................## #.#....##
...............>.P##
###.....##
..###.#.#.#P#..Y@..##
##.....## .##
####.####....Y#.## #.#....# .#
### ###P.....## ###....# ##
##....#.## #.#.... ###.....##
####... #......# #P.. #......#
#... ##.....#### ##..
###......# ###


You could see 2 death yaks.

Vanquished Creatures
  A minotaur (Lab)
  The ghost of Squonk the Martial Artist, a journeyman DsTm of Cheibriados (Lair:4)
  Harold (Lair:2)
  11 hydras
  5 death yaks (Lair:6)
  The ghost of Lostpass the Thaumaturge, a novice DEEE of Dithmenos (D:9)
  Pikel (D:7)
  5 hill giants
  The ghost of palomides the Skirmisher, a novice CeFi (D:6)
  2 ugly things
  A manticore (Lair:3)
  15 elephants
  3 black mambas
  A cyclops (D:11)
  Psyche (D:8)
  Joseph (D:7)
  A centaur zombie (D:11)
  A gargoyle (D:11)
  7 spiny frogs
  3 komodo dragons
  2 trolls
  A two-headed ogre (D:9)
  A hornet (D:11)
  23 blink frogs
  4 hippogriffs
  A redback (Lab)
  Sigmund (D:4)
  A shadow (Lab)
  22 yaks
  3 wyverns
  2 basilisks (Lab)
  4 hogs (D:7)
  A human (D:7)
  A steam dragon (Lair:3)
  3 nagas (Lair:4)
  Duvessa (D:7)
  7 porcupines
  12 water moccasins
  6 orc warriors
  2 sky beasts (D:9)
  2 phantoms
  A necrophage (D:8)
  A slave (D:7)
  7 ogres
  14 wolves
  11 crocodiles
  8 centaurs
  3 big kobolds
  10 bullfrogs
  A gnoll sergeant (D:5)
  Dowan (D:7)
  2 wyvern skeletons
  5 scorpions
  9 killer bees
  12 wights
  2 electric eels (Lair:4)
  3 howler monkeys
  A bullfrog zombie (D:5)
  3 crimson imps
  A quasit (D:6)
  A jelly (D:10)
  4 orc priests
  6 hounds
  14 orc wizards
  3 bullfrog skeletons
  3 centaur skeletons
  9 iguanas
  A hell rat (Lair:4)
  7 worker ants
  2 ogre skeletons (Lab)
  A worker ant zombie (D:5)
  3 adders
  5 gnolls
  A howler monkey skeleton (D:8)
  4 shadow imps
  3 adder skeletons
  A worm (D:2)
  A dart slug (D:1)
  7 leopard geckos
  41 orcs
  8 bats
  6 giant cockroaches
  3 goblins
  9 hobgoblins
  10 jackals
  2 quokkas (D:3)
  A ball python (D:2)
  8 frilled lizards
  2 jackal zombies
  24 kobolds
  5 rats (D:2)
453 creatures vanquished.

Vanquished Creatures (others)
  2 slaves (D:7)
  A scorpion (D:7)
  A giant cockroach (D:7)
  3 bushes (Lair:6)
  12 fungi
  7 plants
26 creatures vanquished.

Grand Total: 479 creatures vanquished

Notes
Turn   | Place    | Note
-------+----------+-------------------------------------------
     0 | D:1      | galech the Ogre Fighter began the quest for the Orb.
     0 | D:1      | Reached XP level 1. HP: 24/24 MP: 1/1
    65 | D:1      | Reached XP level 2. HP: 23/32 MP: 2/2
   120 | D:1      | Reached XP level 3. HP: 14/40 MP: 3/3
   529 | D:2      | Reached skill level 3 in Maces & Flails
  1145 | D:3      | Reached XP level 4. HP: 46/49 MP: 4/4
  1279 | D:3      | Found a glowing golden altar of the Shining One.
  1820 | D:4      | Noticed an ogre
  1827 | D:4      | Killed an ogre
  1827 | D:4      | Reached skill level 4 in Maces & Flails
  1827 | D:4      | Reached XP level 5. HP: 51/55 MP: 5/5
  1952 | D:4      | Found Suit's Assorted Antiques.
  1981 | D:4      | Found a bloodstained altar of Trog.
  1988 | D:4      | Noticed an ogre
  1997 | D:4      | Killed an ogre
  1997 | D:4      | Reached skill level 5 in Fighting
  1997 | D:4      | Reached skill level 5 in Maces & Flails
  1997 | D:4      | Reached XP level 6. HP: 21/66 MP: 6/6
  2414 | D:4      | Noticed Sigmund
  2416 | D:4      | Reached skill level 6 in Maces & Flails
  2429 | D:4      | Killed Sigmund
  2429 | D:4      | Reached XP level 7. HP: 35/72 MP: 7/7
  2482 | D:4      | Found a radiant altar of Vehumet.
  3060 | D:5      | Entered Level 5 of the Dungeon
  3082 | D:5      | Found a staircase to the Ecumenical Temple.
  3121 | D:5      | Reached skill level 7 in Maces & Flails
  3131 | Temple   | Entered the Ecumenical Temple
  3138 | Temple   | Became a worshipper of Makhleb the Destroyer
  3198 | D:5      | Found Asicecle's Armour Boutique.
  3641 | D:5      | Reached skill level 8 in Maces & Flails
  3758 | D:5      | Reached skill level 1 in Stealth
  3909 | D:5      | Reached XP level 8. HP: 71/81 MP: 8/8
  3930 | D:5      | Found an iron altar of Okawaru.
  4374 | D:5      | Reached skill level 9 in Maces & Flails
  4512 | D:6      | Noticed palomides's ghost (novice CeFi)
  4523 | D:6      | Killed palomides's ghost
  4523 | D:6      | Reached skill level 10 in Maces & Flails
  4525 | D:6      | Reached skill level 5 in Dodging
  4864 | D:6      | Reached XP level 9. HP: 92/92 MP: 9/9
  4923 | D:6      | Reached skill level 5 in Shields
  5233 | D:6      | Found a shattered altar of Ashenzari.
  5441 | D:7      | Reached skill level 1 in Armour
  5537 | D:7      | Reached * piety under Makhleb
  5612 | D:7      | Reached skill level 11 in Maces & Flails
  5674 | D:7      | Found a shimmering altar of Xom.
  5701 | D:7      | Found a blossoming altar of Fedhas.
  5701 | D:7      | Found a basalt altar of Yredelemnul.
  5753 | D:7      | Noticed Joseph
  5755 | D:7      | Noticed Duvessa
  5875 | D:7      | Killed Joseph
  5908 | D:7      | Noticed Dowan
  6013 | D:7      | Killed Duvessa
  6019 | D:7      | Killed Dowan
  6047 | D:7      | Found a faded altar of an unknown god.
  6047 | D:7      | Found a faded altar of an unknown god.
  6052 | D:7      | Found a deep blue altar of Sif Muna.
  6077 | D:7      | Found a faded altar of an unknown god.
  6081 | D:7      | Found a faded altar of an unknown god.
  6393 | D:7      | Noticed Pikel
  6409 | D:7      | Killed Pikel
  6409 | D:7      | Reached XP level 10. HP: 98/106 MP: 10/10
  6583 | D:7      | Reached skill level 12 in Maces & Flails
  7004 | D:8      | Noticed Psyche
  7009 | D:8      | Reached ** piety under Makhleb
  7015 | D:8      | Killed Psyche
  7125 | D:8      | Found a shadowy altar of Dithmenos.
  7207 | D:8      | Found a hide-covered altar of Uskayaw.
  7304 | D:8      | Found a white marble altar of Elyvilon.
  7882 | D:9      | Noticed Lostpass's ghost (novice DEEE)
  7926 | D:9      | Killed Lostpass's ghost
  7926 | D:9      | Reached XP level 11. HP: 102/114 MP: 11/11
  8099 | D:9      | Found a shattered altar of Ashenzari.
  8172 | D:9      | Found a sacrificial altar of Ru.
  8261 | D:9      | Reached *** piety under Makhleb
  8522 | D:9      | Reached skill level 10 in Fighting
  8526 | D:9      | Gained mutation: You expend magic power (3 MP) to strengthen your wands. [mutagenic meat]
  8527 | D:9      | Gained mutation: Scrolls take you a little longer to read. [mutagenic meat]
  8528 | D:9      | Gained mutation: You are partially covered in icy blue scales. (AC +2) [mutagenic meat]
  8530 | D:9      | Gained mutation: Your flesh is heat resistant. (rF+) [mutagenic meat]
  8531 | D:9      | Gained mutation: Your magical capacity is low. (-10% MP) [mutagenic meat]
  8934 | D:10     | Entered Level 10 of the Dungeon
  8953 | D:10     | Noticed a hill giant
  8964 | D:10     | Killed a hill giant
  9129 | D:4      | Bought a translucent bone ring for 125 gold pieces
  9129 | D:4      | Bought a scroll of identify for 50 gold pieces
  9130 | D:4      | Identified the ring of Nezusot {rN+ SInv} (You bought it in a shop on level 4 of the Dungeon)
  9230 | D:10     | Reached skill level 14 in Maces & Flails
  9230 | D:10     | Reached skill level 5 in Armour
  9230 | D:10     | Reached XP level 12. HP: 131/131 MP: 10/10
  9536 | D:10     | Found a staircase to the Lair.
  9688 | D:10     | Found Wiqef's Gadget Shop.
  9914 | D:11     | Found a staircase to the Orcish Mines.
  9924 | D:10     | Reached **** piety under Makhleb
  9947 | D:10     | Reached skill level 15 in Maces & Flails
 10012 | D:11     | Found a burning altar of Makhleb.
 10012 | D:11     | Noticed a cacodemon
 10035 | D:11     | Noticed Sonja
 10855 | D:11     | Found a roughly hewn altar of Beogh.
 10941 | D:11     | Paralysed by a hornet for 2 turns
 10945 | D:11     | Paralysed by a hornet for 1 turns
 11073 | D:12     | Reached skill level 16 in Maces & Flails
 11085 | D:12     | Gained mutation: You can translocate small distances at will. [mutagenic meat]
 11224 | D:11     | Cast into level 1 of the Abyss (Sonja)
 11227 | Abyss:1  | Found a corrupted altar of Lugonu.
 11326 | Abyss:1  | Noticed a starcursed mass
 11329 | D:11     | Escaped the Abyss
 11514 | Lair:1   | Entered Level 1 of the Lair of Beasts
 11569 | Lair:1   | Noticed a seven-headed hydra
 11576 | Lair:1   | Killed a seven-headed hydra
 11576 | Lair:1   | Reached XP level 13. HP: 124/140 MP: 11/11
 11668 | Lair:1   | Reached ***** piety under Makhleb
 12339 | Lair:2   | Noticed Harold
 12342 | Lair:2   | Reached skill level 17 in Maces & Flails
 12350 | Lair:2   | Killed Harold
 12520 | Lair:2   | Identified a scroll of acquirement
 13448 | Lair:3   | Found a staircase to the Shoals.
 13461 | Lair:3   | Reached skill level 18 in Maces & Flails
 14194 | Lair:4   | Noticed Squonk's ghost (journeyman DsTm)
 14204 | Lair:4   | Killed Squonk's ghost
 14205 | Lair:4   | Reached XP level 14. HP: 155/155 MP: 12/12
 14228 | Lair:4   | Found a staircase to the Snake Pit.
 14489 | Lair:4   | Reached skill level 19 in Maces & Flails
 14836 | Lair:5   | Found a staircase to the Slime Pits.
 14836 | Lair:5   | Found a viscous altar of Jiyva.
 15740 | Lair:6   | Entered Level 6 of the Lair of Beasts
 15794 | Lair:6   | Reached ****** piety under Makhleb
 15922 | Lair:6   | Found a labyrinth entrance.
 15928 | Lab      | Entered a labyrinth
 17749 | Lair:6   | Reached skill level 20 in Maces & Flails
 17800 | Lair:6   | Reached skill level 15 in Fighting
 17968 | Lair:6   | HP: 2/158 [death yak (10)]
 17971 | Lair:5   | Slain by a death yak

Skill      XL: |  1  2  3  4  5  6  7  8  9 10 11 12 13 14 |
---------------+-------------------------------------------+-----
Dodging        | 3 4 5 6 7 8 9 |  9.3
Shields        | 3 4 6 7 |  7.7
Maces & Flails | 3 4 5 6 8 10 11 12 14 16 18 20 | 20.2
Fighting       | 5 6 8 9 11 12 14 15 | 15.2
Stealth        | 1 2 3 |  3.7
Armour         | 2 3 5 6 |  6.4

Action                   |  1- 3 |  4- 6 |  7- 9 | 10-12 | 13-15 || total
-------------------------+-------+-------+-------+-------+-------++-------
Melee: Flail             |   131 |    83 |   346 |       |       ||   560
       Whip              |       |       |       |   514 |       ||   514
       Giant spiked club |       |       |       |   223 |   327 ||   550
       Giant club        |       |       |       |       |    82 ||    82
  Use: Potion            |       |       |     1 |     1 |       ||     2
       Scroll            |       |       |     9 |    13 |     8 ||    30
 Stab: Sleeping          |       |       |       |     2 |     1 ||     3
  Eat: Chunk             |     1 |     4 |    13 |    24 |    12 ||    54
       Bread ration      |       |       |       |       |     2 ||     2
Armor: Robe              |    47 |    22 |    36 |       |       ||   105
       Troll leather arm |       |       |    49 |   259 |   289 ||   597
Dodge: Dodged            |    42 |    24 |   118 |   347 |   334 ||   865
Block: Shield            |    56 |    37 |   159 |   166 |       ||   418
